 Dungeon Crawl Stone Soup version 0.26.0-3-g156281e41b (webtiles) character file.

Game seed: 12670799701096580142

695 jackrogers the Cleaver (level 7, -4/56 HPs)
             Began as a Minotaur Gladiator on Jan 9, 2021.
             Was a Believer of Okawaru.
             Slain by a worker ant (5 damage)
             ... on level 3 of the Dungeon.
             The game lasted 00:08:33 (3533 turns).

jackrogers the Cleaver (Minotaur Gladiator)         Turns: 3533, Time: 00:08:34

Health: -4/56      AC:  4    Str: 20    XL:     7   Next: 37%
Magic:  6/6        EV: 13    Int:  5    God:    Okawaru [**....]
Gold:   113        SH:  0    Dex: 12    Spells: 6/6 levels left

rFire    . . .     SeeInvis .   a - +1 war axe
rCold    . . .     Faith    .   (no shield)
rNeg     . . .     Spirit   .   b - +0 leather armour
rPois    .         Reflect  .   c - +0 hat
rElec    .         Harm     .   t - +0 cloak (curse)
rCorr    .         Rampage  .   (no gloves)
Will     .....                  (no boots)
Stlth    +.........             (no amulet)
HPRegen  0.18/turn              (no ring)
MPRegen  0.10/turn              (no ring)

@: mighty, brilliant, lethally poisoned (-4 -> -7), attractive
A: retaliatory headbutt, horns 2
a: Renounce Religion, Heroism


You were on level 3 of the Dungeon.
You worshipped Okawaru.
Okawaru was pleased with you.
You visited 1 branch of the dungeon, and saw 4 of its levels.

You collected 113 gold pieces.

Inventory:

Hand Weapons
 a - a +1 war axe (weapon)
Missiles
 d - 3 throwing nets (quivered)
Armour
 b - a +0 leather armour (worn)
 c - a +0 hat (worn)
 t - a cursed +0 cloak (worn)
Jewellery
 r - an uncursed ring of wizardry
Scrolls
 h - 3 scrolls of remove curse
 j - a scroll of random uselessness {unknown}
 k - a scroll of noise
 m - 2 scrolls of amnesia
 n - 7 scrolls of teleportation
 p - a scroll of magic mapping {unknown}
Potions
 f - 2 potions of might
 g - a potion of attraction
 i - 2 potions of brilliance
 l - 2 potions of flight
 o - 2 potions of lignification


   Skills:
 - Level 2.4 Fighting
 + Level 10.3 Axes
 - Level 2.0 Throwing
 - Level 3.2 Dodging


You had 6 spell levels left.
You didn't know any spells.
Your spell library was empty.

Dungeon Overview and Level Annotations

Branches:
Dungeon (4/15)
 Temple: D:4-7

Altars:
Elyvilon
Kikubaaqudgha
Okawaru
Trog


Innate Abilities, Weirdness & Mutations

You reflexively headbutt those who attack you in melee.
You have a pair of horns on your head.


Message History

You have reached level 7!
You slash the worker ant!
The worker ant is severely wounded.
The worker ant misses you.
You closely miss the worker ant.
The worker ant is severely wounded.
The worker ant barely misses you. The worker ant bites you.
* * * LOW HITPOINT WARNING * * *
You are lethally poisoned!
The worker ant poisons you!
Unknown command.
It was a potion of attraction.
You feel attractive to monsters.
* * * LOW HITPOINT WARNING * * *
You feel sick. The worker ant closely misses you.
You hit the worker ant.
The worker ant is almost dead.
* * * LOW HITPOINT WARNING * * *
You feel sick. The worker ant bites you.
You die...

#.....##.⌠.#...#.⌠.#.####
#########.#.⌠.⌠.#.##)...#
#######..._...###.##.#
###.....##.⌠.⌠.## #.##.#
#......######### #.##.#
#.#.##.##.##...# #.##.#
#.#.##.##.##..### #.##.##
#.#†##..........# #.#...#
#.#.###.......#@###.#...##
#.#.###.......)B.(.......#
#.#.................#....#
#.#####.....#.#.....##.#.#
#.# #.[...#.####.......#
##.# #.#.###.## #..##.#.#
.#.# #.#.##...###..##.#)#
.#.# #.#.#............#.#
.#.# ##.#......#.#..####.#


You could see a worker ant.

Vanquished Creatures
  Pikel (D:3)
  2 vampire bats (D:3)
  7 adders
  A gnoll (D:2)
  2 oozes (D:1)
  2 worms
  4 dart slugs
  4 leopard geckos
  3 orcs
  4 bat skeletons (D:3)
  A bat zombie (D:3)
  3 giant cockroaches
  9 goblins
  10 hobgoblins
  5 jackals
  10 kobolds
  4 quokkas
  2 ball pythons
  7 bats
  10 frilled lizards
  2 quokka skeletons (D:4)
  10 rats
103 creatures vanquished.

Vanquished Creatures (others)
  A wizard (D:3)
  5 plants (D:2)
6 creatures vanquished.

Grand Total: 109 creatures vanquished

Notes
Turn   | Place    | Note
-------+----------+-------------------------------------------
     0 | D:1      | jackrogers the Minotaur Gladiator began the quest for the
                  | Orb.
     0 | D:1      | Reached XP level 1. HP: 18/18 MP: 0/0
   196 | D:1      | Reached skill level 4 in Axes
   247 | D:1      | Reached XP level 2. HP: 25/25 MP: 1/1
   701 | D:1      | Reached skill level 5 in Axes
   703 | D:1      | Reached XP level 3. HP: 21/30 MP: 2/2
  1510 | D:2      | Reached skill level 6 in Axes
  1510 | D:2      | Reached XP level 4. HP: 37/37 MP: 3/3
  1736 | D:2      | Found a white marble altar of Elyvilon.
  1945 | D:2      | Found an iron altar of Okawaru.
  1962 | D:2      | Became a worshipper of Warmaster Okawaru
  2434 | D:3      | Reached skill level 7 in Axes
  2434 | D:3      | Reached XP level 5. HP: 23/42 MP: 4/4
  2764 | D:3      | Found a bloodstained altar of Trog.
  2770 | D:3      | Noticed a wizard
  2773 | D:3      | Killed a wizard
  2892 | D:3      | Found a glowing drain.
  3310 | D:3      | Reached skill level 8 in Axes
  3310 | D:3      | Reached XP level 6. HP: 50/50 MP: 5/5
  3313 | D:3      | Found an ancient bone altar of Kikubaaqudgha.
  3492 | D:4      | Noticed Pikel
  3529 | D:3      | Killed Pikel
  3529 | D:3      | Reached * piety under Okawaru
  3529 | D:3      | Reached ** piety under Okawaru
  3530 | D:3      | Reached skill level 10 in Axes
  3530 | D:3      | Reached XP level 7. HP: 3/56 MP: 6/6
  3532 | D:3      | HP: 2/56 [poisoned by a worker ant]
  3533 | D:3      | Slain by a worker ant

Illustrated notes

Levels and vault maps discovered:
D:1:      minmay_arrival_five_plusses, layout_basic
D:2:      cheibrodos_old_hovel, layout_loops_ring, okawaru_altar_gauntlet_db,
          elyvilon_altar_1
D:3:      layout_loops_ring, kennysheep_vampire_church, portal_sewer_entry_a,
          trog_wizard
D:4:      layout_layer_cave, uniq_pikel

Skill      XL: |  1  2  3  4  5  6 |
---------------+-------------------+-----
Axes           | 4 5 6 7 8 10 | 10.3
Fighting       | |  2.4
Throwing       | |  2.0
Dodging        | |  3.2

Action                   |  1- 3 |  4- 6 |  7- 9 || total
-------------------------+-------+-------+-------++-------
Melee: War axe           |    84 |   121 |     3 ||   208
       Headbutt          |    10 |    21 |       ||    31
  Use: Scroll            |     3 |     9 |       ||    12
       Potion            |       |     4 |     1 ||     5
 Stab: Sleeping          |     3 |       |       ||     3
Armor: Leather armour    |    22 |    33 |       ||    55
Dodge: Dodged            |    56 |   109 |     3 ||   168
